Cogmind - Beta 13 *** ADVENTURER MODE // 2024.04.11 @ 18:15:45 Player: TheChosenOne Result: Destroyed by G-67 Veteran with Field Laser Performance ------------- Evolutions (7) 3500 Regions Visited (10) 2000 Robots Destroyed (62) 310 Value Destroyed (2308) 2308 Prototype IDs (6) 120 Alien Tech Used (0) 0 Bonus (53) 53 TOTAL SCORE: 8291 Bonus ------- Pacifist 200 Follower Combat Kills 170 Friendly Fire -317 Cogmind --------- Core Integrity 0/1300 Matter 135/300 Energy 76/100 System Corruption 4% Temperature Cool (48) Movement Core (50) Location -3/Research Parts ------- > --- POWER (2) -------- (None) > --- PROPULSION (5) --- (None) > --- UTILITY (10) ----- Machine Analyzer > --- WEAPON (4) ------- (None) > --- INVENTORY (5) ---- Biometal Medium Treads Compact Wheel Arc Projector Matter Neutralizer Compact Mass Driver Peak State ------------ > --- POWER ------------ Light Antimatter Reactor Light Antimatter Reactor > --- PROPULSION ------- Flexi-carbon Leg Flexi-carbon Leg Flexi-carbon Leg Flexi-carbon Leg Myomer Leg > --- UTILITY ---------- Advanced Heat Sink High-capacity Storage Unit Weight Redist. System Advanced Trap Scanner Machine Analyzer Advanced Sensor Array Experimental Targeting Computer Improved Transmission Jammer Point Defense System Component Analysis Suite > --- WEAPON ----------- Matter Neutralizer Heavy Neutron Cannon KE Penetrator Mass Driver > --- INVENTORY -------- Light Angular Momentum Engine Light Angular Momentum Engine Flexi-carbon Leg Flexi-carbon Leg Flexi-carbon Leg Large Storage Unit Large Storage Unit Advanced Trap Scanner Advanced Terrain Scanner Advanced ECM Suite Improved Shock Absorption System Arc Projector Improved Arc Projector Quantum Rifle Disruptor Cannon Matter Neutralizer Linear Accelerator Compact Mass Driver Heavy Rocket Launcher Remote Datajack [Rating: 123] Favorites ----------- Power Light Antimatter Reactor Engine Light Deuterium Engine Power Core Micro Nuclear Core Reactor Light Antimatter Reactor Propulsion Flexi-carbon Leg Treads Light Treads Leg Flexi-carbon Leg Wheel Wheel Flight Unit Field Propulsion Array Utility Large Storage Unit Device Advanced Heat Sink Storage Large Storage Unit Processor Improved Signal Interpreter Protection Hardened Light Armor Plating Weapon Pulse Rifle Energy Gun Pulse Rifle Energy Cannon Matter Neutralizer Ballistic Gun KE Penetrator Ballistic Cannon Advanced Assault Cannon Launcher Rocket Launcher Special Weapon Remote Datajack Build | -11 -10 -9 -8 -7 -6 -5 -4 -4 -4 -3 ------- Run | Yrd Mat Mat Mat Fac Fac Fac Fac Upp Upp Res Slots Evolved 14 | . . 2 2 2 2 2 2 . . 2 Power 1 | . . . . . 1 . . . . . Propulsion 3 | . . . 1 . . 1 . . . 1 Utility 8 | . . 1 1 2 1 1 1 . . 1 Weapon 2 | . . 1 . . . . 1 . . . Parts Attached 107 | 5 10 4 15 6 14 9 14 3 4 23 Power 11 | 1 . . 1 . 3 2 2 . . 2 Engine 8 | 1 . . 1 . 2 2 . . . 2 Core 1 | . . . . . 1 . . . . . Reactor 2 | . . . . . . . 2 . . . Propulsion 33 | 2 2 1 6 3 2 2 5 . 2 8 Treads 4 | . 1 1 1 . . . . . . 1 Leg 24 | 2 . . 4 3 2 2 5 . 2 4 Wheel 2 | . 1 . 1 . . . . . . . Hover . | . . . . . . . . . . . Flight 3 | . . . . . . . . . . 3 Utility 29 | 1 5 1 3 2 3 3 3 . 2 6 Device 15 | . 1 . . 2 1 2 2 . 2 5 Storage 7 | 1 4 . 1 . . . . . . 1 Processor 3 | . . . 1 . 1 . 1 . . . Hackware . | . . . . . . . . . . . Protection 4 | . . 1 1 . 1 1 . . . . Artifact . | . . . . . . . . . . . Weapon 34 | 1 3 2 5 1 6 2 4 3 . 7 Energy Gun 15 | 1 3 1 4 . 2 1 . . . 3 Energy Cannon 4 | . . . . . . . 1 . . 3 Ballistic Gun 2 | . . . . . 1 . 1 . . . Ballistic Cannon 3 | . . . . . . 1 . 2 . . Launcher 9 | . . 1 1 . 3 . 2 1 . 1 Special Weapon 1 | . . . . 1 . . . . . . Impact Weapon . | . . . . . . . . . . . Slashing Weapon . | . . . . . . . . . . . Piercing Weapon . | . . . . . . . . . . . Special Melee Weapon . | . . . . . . . . . . . Unidentified Prototypes . | . . . . . . . . . . . Parts Lost 30 | . . . . 1 . . . 1 . 28 Power 4 | . . . . . . . . . . 4 Propulsion 12 | . . . . . . . . . . 12 Utility 9 | . . . . . . . . 1 . 8 Weapon 5 | . . . . 1 . . . . . 4 Highest Loss Streak 25 | . . . . 1 . . . 1 . 25 To Critical Strikes . | . . . . . . . . . . . Average Slot Usage (%) 96 | . 97 99 96 92 92 100 100 100 99 80 Engine 5 | . 14 11 9 7 6 11 3 . . . Reactor 4 | . . . . . . . 6 10 10 6 Treads 2 | . 2 11 8 2 . . . . . . Leg 18 | . 22 . 18 19 20 23 21 21 21 17 Wheel 1 | . 3 11 . . . . . . . . Device 19 | . 13 11 9 15 20 23 23 21 25 23 Storage 6 | . 14 11 9 7 6 5 5 5 5 3 Processor 9 | . . . 5 7 12 11 12 15 15 10 Protection 4 | . . 10 9 7 6 5 5 5 . . Energy Gun 11 | . 26 22 25 15 14 14 5 . . . Energy Cannon 2 | . . . . . . . 2 5 5 5 Ballistic Gun 2 | . . . . . . . 5 5 5 3 Ballistic Cannon 3 | . . . . . . 2 5 8 10 3 Launcher 2 | . . 11 1 4 2 . 1 1 . . Naked Turns . | . . . . . . . . . . . Heaviest Build 110 | 12 30 30 41 43 49 57 82 85 79 110 Greatest Support 111 | 20 20 20 23 43 45 66 91 91 91 111 Greatest Overweight (x) 3 | 2 2 2 2 1 1 . . . . 3 Average Overweight (x) . | . . 1 1 . . . . . . . Largest Inventory Capacity 20 | 8 15 10 15 15 15 15 15 15 15 20 Average Capacity 13 | 6 9 10 14 15 15 15 15 15 15 15 Most Carried 20 | 7 13 10 15 15 15 15 15 15 15 20 Average Carried 13 | 3 8 9 13 14 14 14 14 14 14 13 Final Capacity 15 | 8 10 10 15 15 15 15 15 15 15 5 Final Carried 15 | 7 10 10 15 15 15 15 15 15 15 5 Class Distribution -------------------- 50% | Scavenger-Skirmisher 23% | Skirmisher 14% | Tank 11% | Mutant Dominant Class ---------------- Mutant | -10/Materials Tank | -9/Materials Skirmisher | -8/Materials Skirmisher | -7/Factory Skirmisher | -6/Factory Scavenger-Skirmisher | -5/Factory Scavenger-Skirmisher | -4/Factory Scavenger-Skirmisher | -4/Upper Caves Scavenger-Skirmisher | -4/Upper Caves Scavenger-Skirmisher | -3/Research Resources | -11 -10 -9 -8 -7 -6 -5 -4 -4 -4 -3 ----------- Run | Yrd Mat Mat Mat Fac Fac Fac Fac Upp Upp Res Matter Collected 1908 | 215 95 168 144 102 240 106 370 203 210 55 Remotely . | . . . . . . . . . . . Salvage Created 2087 | . . 331 153 103 400 71 344 246 244 195 Parts 95 | . . 19 9 10 14 1 15 9 10 8 Haulers Intercepted . | . . . . . . . . . . . Recyclers Shooed 1 | . . . . . . . 1 . . . Parts Field Recycled . | . . . . . . . . . . . Retrieved Matter . | . . . . . . . . . . . Parts Self-Destructed 21 | . . . . . . . . 11 10 . Prevented 2 | . . . . . . . . 2 . . Kills | -11 -10 -9 -8 -7 -6 -5 -4 -4 -4 -3 ------- Run | Yrd Mat Mat Mat Fac Fac Fac Fac Upp Upp Res Combat Hostiles Destroyed 47 | . . 10 5 3 6 2 5 6 5 5 Guns 15 | . . 5 2 1 3 . 1 . 3 . Cannons 10 | . . . . . . 1 2 5 2 . AOE 21 | . . 5 3 2 3 . 2 1 . 5 Classes Destroyed 10 | . . 5 1 1 2 1 . . . . Worker 5 | . . 1 1 . 1 . 1 . . 1 Builder 2 | . . 2 . . . . . . . . Tunneler 2 | . . . . 2 . . . . . . Recycler 2 | . . . . . 1 . 1 . . . Watcher 4 | . . . 1 1 1 . . . . 1 Swarmer 18 | . . 3 3 3 1 1 3 . . 4 Grunt 21 | . . 5 2 . 4 . 2 3 4 1 Brawler 2 | . . . . . 1 . . 1 . . Sentry 3 | . . 2 . . . . . 1 . . Programmer 3 | . . . . . . 1 . 1 1 . Best Kill Streak 5 | . . 5 4 4 5 1 3 4 2 5 Combat Bots Only 4 | . . 3 3 2 3 1 3 4 2 3 Max Kills in Single Turn 4 | . . 4 3 4 2 1 2 1 1 3 Gunslinging . | . . . . . . . . . . . Exploded 3 | . . 2 2 2 1 . 2 1 . 3 Melee . | . . . . . . . . . . . Uniques/NPCs Destroyed . | . . . . . . . . . . . Combat | -11 -10 -9 -8 -7 -6 -5 -4 -4 -4 -3 -------- Run | Yrd Mat Mat Mat Fac Fac Fac Fac Upp Upp Res Hostile Shots Fired 571 | . . 44 8 8 15 3 50 33 30 380 Missed 222 | . . 16 1 5 5 1 24 8 14 148 Damage Taken 5183 | . . 334 63 37 120 46 447 408 244 3484 Core 1505 | . . 80 . . 21 16 31 57 . 1300 Absorbed by Shields . | . . . . . . . . . . . Ignored by Resistances 1496 | . . 94 20 11 34 12 132 118 70 1005 Core Remaining (%) 95 | 100 100 80 100 100 97 98 . . 92 . Volleys Fired 97 | . . 11 9 5 23 2 16 10 11 10 Largest 4 | . . 3 3 2 3 3 4 4 4 4 Hottest 366 | . . 139 175 126 182 189 241 243 243 366 Shots Fired 301 | . . 31 24 8 54 6 60 38 41 39 Gun 173 | . . 22 23 6 45 5 27 10 11 24 Cannon 98 | . . . . . . 1 28 25 30 14 Launcher 29 | . . 9 1 1 9 . 5 3 . 1 Special 1 | . . . . 1 . . . . . . Kinetic 108 | . . . . . 1 1 32 25 30 19 Thermal 142 | . . 22 23 6 44 4 15 10 11 7 Explosive 29 | . . 9 1 1 9 . 5 3 . 1 Electromagnetic 21 | . . . . . . 1 8 . . 12 Robot Hit Streak 21 | . . 17 21 9 12 2 19 19 13 10 Robot Miss Streak 3 | . . 1 1 1 3 1 2 1 1 2 Penetration Max 1 | . . . . . . . 1 . . 1 Secondary Targets 2 | . . 1 . . 1 . . . . . Max Gunslinging Chain 1 | . . 1 . . 1 . . . . . Shots Hit Robots 205 | . . 22 16 5 31 3 45 27 31 25 Core Hits 141 | . . 20 10 7 36 2 26 15 7 18 Critical Kills . | . . . . . . . . . . . Critical Parts Destroyed . | . . . . . . . . . . . Critical Strikes 9 | . . 1 1 2 . 2 1 . 1 1 Burn 6 | . . 1 1 2 . 1 1 . . . Blast 3 | . . . . . . 1 . . 1 1 Melee Attacks . | . . . . . . . . . . . Impact . | . . . . . . . . . . . Slashing . | . . . . . . . . . . . Piercing . | . . . . . . . . . . . Sneak Attacks . | . . . . . . . . . . . Combat Hostiles . | . . . . . . . . . . . Follow-up Attacks . | . . . . . . . . . . . Damage Inflicted 8983 | . . 725 537 210 1641 64 1980 1360 1014 1452 Guns 2523 | . . 234 237 60 539 36 494 232 262 429 Cannons 2356 | . . . . . . 28 589 673 752 314 Explosions 4102 | . . 491 300 148 1102 . 897 455 . 709 Melee . | . . . . . . . . . . . Ramming 2 | . . . . 2 . . . . . . Kinetic 2310 | . . . . . 21 28 668 567 629 397 Thermal 2802 | . . 234 297 60 518 36 347 338 385 587 Explosive 3657 | . . 491 240 148 1102 . 897 455 . 324 Electromagnetic 212 | . . . . . . . 68 . . 144 Impact . | . . . . . . . . . . . Slashing . | . . . . . . . . . . . Piercing . | . . . . . . . . . . . Highest Corruption 4 | . . 1 . . . 1 . . . 4 Average Corruption 1 | . . 1 . . . 1 . . . 4 Corruption Purged . | . . . . . . . . . . . Corruption Blocked . | . . . . . . . . . . . Effects 7 | . . 4 . . . 1 . . . 2 Message Errors 4 | . . 2 . . . 1 . . . 1 Matter Fused 1 | . . . . . . . . . . 1 Data Loss (minor) 1 | . . 1 . . . . . . . . Misfires 1 | . . 1 . . . . . . . . Overload Shots . | . . . . . . . . . . . Overflow Damage 190 | . . 3 82 . 21 . 35 19 22 8 Projectiles 69 | . . . . . . . 28 19 22 . Explosions 121 | . . 3 82 . 21 . 7 . . 8 Melee . | . . . . . . . . . . . Knockbacks 10 | . . . . . . . 3 2 2 3 Impact . | . . . . . . . . . . . Kinetic 10 | . . . . . . . 3 2 2 3 Secondary . | . . . . . . . . . . . Self-Inflicted Damage 131 | . . 32 . . . . 73 . . 26 Shots 5 | . . 2 . . . . 2 . . 1 Rammed . | . . . . . . . . . . . Targets Rammed 1 | . . . . 1 . . . . . . Kicked 1 | . . . . 1 . . . . . . Crushed . | . . . . . . . . . . . Highest Temperature 492 | . . 279 492 30 57 63 382 333 400 338 Average Temperature 130 | . . 106 222 15 29 30 123 142 172 116 Received Heat Transfer 1163 | . . 126 36 . 45 . 137 132 106 581 Effects 9 | . . 2 2 . . . 2 1 1 1 Shutdowns 4 | . . . 2 . . . 1 . 1 . Energy Bleed 2 | . . . . . . . . 1 . 1 Interference 2 | . . 2 . . . . . . . . Damage (minor) 1 | . . . . . . . 1 . . . Siege Activations . | . . . . . . . . . . . Robots Corrupted . | . . . . . . . . . . . Combat Hostiles . | . . . . . . . . . . . Parts Fried . | . . . . . . . . . . . Impact Corruptions . | . . . . . . . . . . . Robots Melted 1 | . . . . . . 1 . . . . Combat Hostiles 1 | . . . . . . 1 . . . . Parts Melted 15 | . . 3 2 1 2 4 2 . . 1 Heat Transferred 4440 | . . 740 679 268 1073 148 481 333 370 348 Parts Sabotaged . | . . . . . . . . . . . Parts Stolen . | . . . . . . . . . . . Parts Stripped . | . . . . . . . . . . . Power Chain Reactions 2 | . . . . . . . . . . 2 Alert | -11 -10 -9 -8 -7 -6 -5 -4 -4 -4 -3 ------- Run | Yrd Mat Mat Mat Fac Fac Fac Fac Upp Upp Res Peak Influence 364 | . 15 305 117 101 170 55 364 . . 92 Initial 45 | . . 5 10 45 4 10 15 . . . Average 56 | . 2 155 40 41 52 19 145 . . 14 Maximum Alert Level 1 | . . 1 . . . . 1 . . . Low Security (%) 93 | 100 100 71 100 100 100 100 69 . . 100 Level 1 6 | . . 28 . . . . 30 . . . Level 2 . | . . . . . . . . . . . Level 3 . | . . . . . . . . . . . Level 4 . | . . . . . . . . . . . Level 5 . | . . . . . . . . . . . High Security . | . . . . . . . . . . . Max Security . | . . . . . . . . . . . Squads Dispatched 24 | . . 2 2 6 5 3 2 . . 4 Investigation 4 | . . 1 2 . 1 . . . . . Extermination 4 | . . . . 2 1 1 . . . . Reinforcement 9 | . . 1 . 1 1 2 2 . . 2 Assault 1 | . . . . . 1 . . . . . Garrison 6 | . . . . 3 1 . . . . 2 Intercept . | . . . . . . . . . . . Searches Triggered . | . . . . . . . . . . . Construction Impeded . | . . . . . . . . . . . Haulers Reinforced 3 | . . . . . . 1 1 . . 1 Active Scanning Responses . | . . . . . . . . . . . Cargo Convoy Interrupts . | . . . . . . . . . . . Stealth | -11 -10 -9 -8 -7 -6 -5 -4 -4 -4 -3 --------- Run | Yrd Mat Mat Mat Fac Fac Fac Fac Upp Upp Res Distress Signals 7 | . . . 2 2 1 1 . . . 1 Communications Jammed 18 | . . . . . . . 2 . . 16 Distress Signals 18 | . . . . . . . 2 . . 16 Times Spotted 137 | . 1 12 8 14 26 11 22 7 5 31 Peak Tracking Total 19 | . 1 3 3 3 5 4 7 4 4 19 Tactical Retreats 4 | . 1 . 1 . . . . . . 2 Traps | -11 -10 -9 -8 -7 -6 -5 -4 -4 -4 -3 ------- Run | Yrd Mat Mat Mat Fac Fac Fac Fac Upp Upp Res Traps Triggered 4 | . . . . . 1 1 . . . 2 Indirectly . | . . . . . . . . . . . Trap Hack Attempts . | . . . . . . . . . . . Triggered . | . . . . . . . . . . . Disarmed . | . . . . . . . . . . . Reprogrammed . | . . . . . . . . . . . Reused . | . . . . . . . . . . . Traps Extracted . | . . . . . . . . . . . Installed . | . . . . . . . . . . . Triggered 1 | . . . . . . . . 1 . . Machines | -11 -10 -9 -8 -7 -6 -5 -4 -4 -4 -3 ---------- Run | Yrd Mat Mat Mat Fac Fac Fac Fac Upp Upp Res Machines Disabled 8 | . . 4 2 . 1 . . . . 1 Max in Single Turn 2 | . . 2 2 . 1 . . . . 1 Garrison Access 2 | . . . 1 . 1 . . . . . Machines Repaired . | . . . . . . . . . . . Machines Dismantled . | . . . . . . . . . . . Machines Sabotaged . | . . . . . . . . . . . Overloaded Fab Kills . | . . . . . . . . . . . Hacking | -11 -10 -9 -8 -7 -6 -5 -4 -4 -4 -3 --------- Run | Yrd Mat Mat Mat Fac Fac Fac Fac Upp Upp Res Machines Accessed 18 | . 3 7 2 1 1 2 . . . 2 Terminals 12 | . 3 7 1 1 . . . . . . Fabricators 3 | . . . . . 1 2 . . . . Repair Stations . | . . . . . . . . . . . Recycling Units . | . . . . . . . . . . . Scanalyzers 1 | . . . . . . . . . . 1 Garrison Access 2 | . . . 1 . . . . . . 1 Total Hacks 41 | . 7 17 7 1 1 4 . . . 4 Successful 29 | . 5 12 5 1 1 3 . . . 2 Failed 12 | . 2 5 2 . . 1 . . . 2 Catastrophic 2 | . . 1 . . . . . . . 1 Database Lockouts . | . . . . . . . . . . . Manual 4 | . 4 . . . . . . . . . Terminals 29 | . 7 17 4 1 . . . . . . Fabricators 5 | . . . . . 1 4 . . . . Repair Stations . | . . . . . . . . . . . Recycling Units . | . . . . . . . . . . . Scanalyzers 3 | . . . . . . . . . . 3 Garrison Access 4 | . . . 3 . . . . . . 1 Terminal Hacks 21 | . 5 12 3 1 . . . . . . Robot Analysis 4 | . 3 1 . . . . . . . . Prototype ID Bank 1 | . . 1 . . . . . . . . Open DSF 1 | . . . . 1 . . . . . . Emergency Access Points 1 | . . 1 . . . . . . . . Scanalyzer Index 1 | . . 1 . . . . . . . . Alert Level 3 | . 1 2 . . . . . . . . Locate Traps 4 | . 1 2 1 . . . . . . . Dispatch Records 1 | . . . 1 . . . . . . . Maintenance Status 1 | . . 1 . . . . . . . . Transport Status 1 | . . 1 . . . . . . . . Investigation Status 1 | . . 1 . . . . . . . . Hauler Manifests 1 | . . 1 . . . . . . . . Zone Layout 1 | . . . 1 . . . . . . . Fabricator Hacks 4 | . . . . . 1 3 . . . . Network Status 4 | . . . . . 1 3 . . . . Repair Station Hacks . | . . . . . . . . . . . Recycling Unit Hacks . | . . . . . . . . . . . Scanalyzer 2 | . . . . . . . . . . 2 Insert Component 1 | . . . . . . . . . . 1 Analyze 1 | . . . . . . . . . . 1 Garrison Access Hacks 2 | . . . 2 . . . . . . . Seal Access 1 | . . . 1 . . . . . . . Coupler Status 1 | . . . 1 . . . . . . . Unauthorized Hacks . | . . . . . . . . . . . Terminals . | . . . . . . . . . . . Fabricators . | . . . . . . . . . . . Repair Stations . | . . . . . . . . . . . Recycling Units . | . . . . . . . . . . . Scanalyzers . | . . . . . . . . . . . Garrison Access . | . . . . . . . . . . . Data Cores Recovered 2 | . . . . 1 . 1 . . . . Used . | . . . . . . . . . . . Hacking Detections 14 | . 2 7 1 . 1 1 . . . 2 Full Trace Events 2 | . 1 1 . . . . . . . . Feedback Events 1 | . . 1 . . . . . . . . Corruption 1 | . . 1 . . . . . . . . Feedback Blocked . | . . . . . . . . . . . Robot Schematics Acquired . | . . . . . . . . . . . Robots Built . | . . . . . . . . . . . Authchips . | . . . . . . . . . . . Time . | . . . . . . . . . . . Total Robot Build Rating . | . . . . . . . . . . . Part Schematics Acquired 1 | . . . . . . . . . . 1 Parts Built . | . . . . . . . . . . . Authchips . | . . . . . . . . . . . Time . | . . . . . . . . . . . Total Part Build Rating . | . . . . . . . . . . . Parts Repaired . | . . . . . . . . . . . Time . | . . . . . . . . . . . Parts Recycled . | . . . . . . . . . . . Recycled Matter . | . . . . . . . . . . . Retrieved Matter . | . . . . . . . . . . . Retrieved Components . | . . . . . . . . . . . Parts Scanalyzed 1 | . . . . . . . . . . 1 Part Schematics Acquired 1 | . . . . . . . . . . 1 Parts Damaged . | . . . . . . . . . . . Bothacking | -11 -10 -9 -8 -7 -6 -5 -4 -4 -4 -3 ------------ Run | Yrd Mat Mat Mat Fac Fac Fac Fac Upp Upp Res Used RIF Installer . | . . . . . . . . . . . Robots Hacked . | . . . . . . . . . . . Non-combat . | . . . . . . . . . . . Combat . | . . . . . . . . . . . Robot Hacks Applied . | . . . . . . . . . . . Relay Couplers Released 2 | . . . . . 2 . . . . . Machine Destruction 2 | . . . . . 2 . . . . . Fabnet Peak Effective % . | . . . . . . . . . . . Robots Rewired . | . . . . . . . . . . . Allies Hacked 1 | . . . . . . . 1 . . . Hacks Repelled . | . . . . . . . . . . . Allies | -11 -10 -9 -8 -7 -6 -5 -4 -4 -4 -3 -------- Run | Yrd Mat Mat Mat Fac Fac Fac Fac Upp Upp Res Total Allies 3 | . . . . . . 3 . . . . Largest Group 3 | . . . . . . 3 3 . . . Highest-Rated Group 93 | . . . . . . 93 93 . . . Highest-Rated Ally 31 | . . . . . . 31 31 . . . Total Orders . | . . . . . . . . . . . Ally Attacks 28 | . . . . . . 4 24 . . . Total Damage 414 | . . . . . . 43 371 . . . Kills 4 | . . . . . . . 4 . . . Allies Corrupted 1 | . . . . . . . 1 . . . Allies Melted . | . . . . . . . . . . . Intel | -11 -10 -9 -8 -7 -6 -5 -4 -4 -4 -3 ------- Run | Yrd Mat Mat Mat Fac Fac Fac Fac Upp Upp Res Robot Analysis Total 4 | . 3 1 . . . . . . . . Derelict Logs Recovered 3 | . . . . . . . . 1 2 . Drone Launches . | . . . . . . . . . . . Drone Recoveries . | . . . . . . . . . . . Exploration | -11 -10 -9 -8 -7 -6 -5 -4 -4 -4 -3 ------------- Run | Yrd Mat Mat Mat Fac Fac Fac Fac Upp Upp Res Turns Passed 7724 | 107 542 832 687 1074 537 586 329 516 1933 581 Spaces Moved 5445 | 82 426 475 333 662 329 455 205 396 1557 525 Core 56 | 14 . . . . . . . . . 42 Treads 187 | . . 181 . . . . . . . 6 Legs 4634 | 68 316 . 331 662 329 455 205 396 1557 315 Wheels 406 | . 110 294 2 . . . . . . . Hover . | . . . . . . . . . . . Flight 162 | . . . . . . . . . . 162 Fastest Speed 40 | 50 95 110 110 120 120 120 120 120 120 40 Average Speed 128 | 112 115 159 189 145 132 120 120 120 120 91 Slowest Speed 260 | 150 120 240 190 190 190 120 120 120 120 260 Overloaded Moves . | . . . . . . . . . . . Propulsion Burnouts . | . . . . . . . . . . . Robots Hopped 2 | . . . . . . . . . . 2 Cave-ins Triggered . | . . . . . . . . . . . Exploration Rate (%) 30 | 6 57 32 20 20 14 18 9 53 88 15 Regions Visited 10 Branch Regions 2 Pre-discovered Areas . | . . . . . . . . . . . Known Exits Taken 7 | . . . 1 1 1 1 1 1 1 . Unknown Exits Taken 3 | 1 1 1 . . . . . . . . Scrap Searched 3 | . . . . . . . . . 3 . Spaces Dug . | . . . . . . . . . . . Terrain Destroyed 264 | . . 66 25 5 25 . 72 44 7 20 Melee . | . . . . . . . . . . . Projectile 26 | . . . . . . . 8 8 7 3 AOE 238 | . . 66 25 5 25 . 64 36 . 17 Terrain Rammed . | . . . . . . . . . . . Walls Destroyed . | . . . . . . . . . . . Machines Disabled . | . . . . . . . . . . . Actions | -11 -10 -9 -8 -7 -6 -5 -4 -4 -4 -3 --------- Run | Yrd Mat Mat Mat Fac Fac Fac Fac Upp Upp Res Total 5971 | 94 475 526 369 771 383 495 253 412 1594 599 Wait 212 | 1 20 30 4 89 4 11 3 2 22 26 Move 5431 | 81 425 474 332 661 328 454 204 395 1556 521 Hop 2 | . . . . . . . . . . 2 Pick Up 58 | 7 13 3 4 4 3 9 5 1 . 9 Fast Attach 23 | 5 2 1 2 2 4 . . . . 7 Attach 21 | . . 1 1 1 1 3 2 1 1 10 Detach 2 | . . . . . 2 . . . . . Swap 63 | . 8 2 12 3 9 6 12 2 3 6 Drop 61 | . 7 4 5 5 9 10 11 1 1 8 Fire 97 | . . 11 9 5 23 2 16 10 11 10 Melee . | . . . . . . . . . . . Ram . | . . . . . . . . . . . Kick 1 | . . . . 1 . . . . . . Crush . | . . . . . . . . . . . Escape Stasis . | . . . . . . . . . . . Rewire . | . . . . . . . . . . . Trap . | . . . . . . . . . . . Miscellaneous . | . . . . . . . . . . . Route ------- -11/Scrapyard -10/Materials (discovered 2 exits: *Mat / [*Min]) -9/Materials -8/Materials -7/Factory -6/Factory -5/Factory (discovered 3 exits: *Fac / *Upp x2) -4/Factory -4/Upper Caves -4/Upper Caves -3/Research (discovered 4 exits: Res x2 / Qua x2) History --------- Turn | Location | Event 27 | -11/Scrapyard | Discovered new exit (range 16) 108 | -11/Scrapyard | Entered Materials 320 | -10/Materials | Build established: Mutant 383 | -10/Materials | Discovered new exit (range 16) 619 | -10/Materials | Discovered new exit (range 16) 650 | -10/Materials | Entered another Materials area 650 | -9/Materials | Evolved 2 slots: Utility x1, Weapon x1 933 | -9/Materials | Build established: Tank 1368 | -9/Materials | Discovered new exit (range 5) 1482 | -9/Materials | Entered another Materials area 1482 | -8/Materials | Evolved 2 slots: Propulsion x1, Utility x1 1877 | -8/Materials | Discovered new exit (range 10) 2039 | -8/Materials | Build established: Skirmisher 2089 | -8/Materials | Met 7R-MNS 2168 | -8/Materials | Identified exit to Factory 2169 | -8/Materials | Entered Factory 2169 | -7/Factory | Evolved 2 slots: Utility x2 2170 | -7/Factory | Caught up to 7R-MNS 2798 | -7/Factory | Garrison activated, responded to threat 3215 | -7/Factory | Discovered new exit (range 11) 3241 | -7/Factory | Identified exit to Factory 3243 | -7/Factory | Entered another Factory area 3243 | -6/Factory | Evolved 2 slots: Power x1, Utility x1 3244 | -6/Factory | Caught up to 7R-MNS 3511 | -6/Factory | Garrison activated, responded to threat 3769 | -6/Factory | Discovered new exit (range 5) 3777 | -6/Factory | Found Prototype Processor 3779 | -6/Factory | Identified exit to Factory 3780 | -6/Factory | Entered another Factory area 3780 | -5/Factory | Evolved 2 slots: Propulsion x1, Utility x1 3781 | -5/Factory | Caught up to 7R-MNS 3843 | -5/Factory | Discovered new exit (range 15) 3872 | -5/Factory | Identified exit to Upper Caves 3883 | -5/Factory | Identified Exp. Targeting Computer 3994 | -5/Factory | Build established: Scavenger-Skirmisher 4090 | -5/Factory | Allied Derelicts emerged from ambush trap array 4206 | -5/Factory | Discovered exit to Upper Caves (range 6) 4345 | -5/Factory | Discovered new exit (range 15) 4365 | -5/Factory | Identified exit to Factory 4366 | -5/Factory | Entered another Factory area 4366 | -4/Factory | Accompanied by 3 allies 4366 | -4/Factory | Evolved 2 slots: Utility x1, Weapon x1 4367 | -4/Factory | Caught up to 7R-MNS 4686 | -4/Factory | 7R-MNS lamented failing the tripod run 4689 | -4/Factory | Discovered new exit (range 5) 4694 | -4/Factory | Identified exit to Upper Caves 4695 | -4/Factory | Entered Upper Caves 4712 | -4/Upper Caves | Encountered a Warlord checkpoint 5029 | -4/Upper Caves | Attracted the attention of an 0b10 checkpoint 5067 | -4/Upper Caves | Learned location of 2 exits from Research 5184 | -4/Upper Caves | Attracted the attention of an 0b10 outpost 5191 | -4/Upper Caves | Discovered new exit (range 12) 5210 | -4/Upper Caves | Identified exit to Upper Caves 5211 | -4/Upper Caves | Entered another Upper Caves area 5306 | -4/Upper Caves | Learned 12 Research zone layouts 5410 | -4/Upper Caves | Encountered a Warlord checkpoint 5524 | -4/Upper Caves | Lost 3 allies 6470 | -4/Upper Caves | Learned 8 Research zone layouts 7134 | -4/Upper Caves | Discovered new exit (range 5) 7142 | -4/Upper Caves | Identified exit to Research 7144 | -4/Upper Caves | Entered Research 7144 | -3/Research | Evolved 2 slots: Propulsion x1, Utility x1 7145 | -3/Research | Identified exit to Research 7145 | -3/Research | Identified exit to Quarantine 7581 | -3/Research | Garrison activated, responded to threat 7626 | -3/Research | Core integrity fell below 50% 7652 | -3/Research | Lost 25 parts (4p10n7u4w) 7723 | -3/Research | Core integrity fell below 20% 7725 | -3/Research | Destroyed by G-67 Veteran with Field Laser Last Messages --------------- 07702_ Penetrated by Slug. 07704_ Acquired Adv. Recalibrator. 07706_ Acquired Biometal Medium Treads. 07712_ Slug penetrates Wall. 07715_ Penetrated by Slug. 07715_ Slug penetrates Wall. 07717_ ALERT: Security rotation in progress. 07719_ Slug penetrates G-67 Veteran. 07719_ Slug penetrates Wall. 07721_ Field Propulsion Array destroyed. 07722_ Penetrated by Slug. 07722_ Slug penetrates Wall. 07722_ Slug penetrates G-67 Veteran. 07722_ Penetrated by Slug. 07723_ Adv. Recalibrator destroyed. 07724_ Critical hit (Burn: +50). 07724_ Imp. Component Analysis Suite severed. 07724_ Critical hit (Burn: +37). 07724_ Penetrated by Slug. 07724_ Slug penetrates Wall. Map ----- +----------------------------------------------------+ | ?????????????????????????????????????????????????? | | ?????????????????????????????????????????????????? | | ????????????????# ############+###########+#### | | ????????????????# # | | ????????????????# # | | ????????????????# # | | ????????????????# # | | ????????????????########+######+######### # | | ???????????????????# # #?# # | | ???????????????????# # #?# # | | ???????????????????# # ### | | ???????????????????# """ # + | | ???????????????????# """ # ####### | | ???????????????????# """ # #?????# | | ???????????????????# # ########+#+# | | ???????????????????# # ## | | ???????????????????########### ## | | ?????????????????????????????########### """ | | ???????????????????????????????????????# """ | | ???????????????????????????????????????# """ | | ???????????????????????????????????????# | | ???????????????????????????????????????# | | ???????????????????????????????????????# """ | | ???????????????????????????????????????# """ | | ??????????????????????########?????????# """ | | ??????????????????????# @l #?????????# | | ??????????????????????# gg #?????????# | | ??????????????????????# g=gg #?????????# ????????? | | ??????????????????????#hh=hgg############????????? | | ??????????????????????# h ## # ????????? | | ??????????????????????# gY ## # ????????? | | ??????????????????????#####h### # ????????? | | ????????????????????????# h # # ????????? | | ???????????????########## # ! # ""T""??????? | | ???????????????+ ^ + # """""??????? | | ???????????????# # ######????????? | | ???????????????# # #?????????????? | | ???????????????# # ####??????????? | | ???????????????# ####### ####???????? | | ???????????????# ! ##### #???????? | | ???????????# ### + !/ #???????? | | ???????????# ####### # !/ #???????? | | ???????????+ #?????# # ! ????????? | | ???????????# #?#####+## # ????????? | | ???????????# """"" #?# # # ??????#?? | | ???????????# """"" #?# # ##/######## #?? | | ???????????# """"" #?# + #?? | | ???????????# ### # #?? | | ???????????# + # #?? | | ???????????# ### + #?? | +----------------------------------------------------+ Best States ------------- Heat Dissipation 65 Energy Generation 37 Energy Capacity 250 Matter Stores 300 Matter Capacity 300 Sight Range 16 Robot Scan Range 16 Terrain Scan Density 10 Jamming Range 14 Additional Mass Support 6 Armor Coverage 225 Resistance: KI 20 Resistance: TH 20 Resistance: EX 20 Resistance: EM 20 Resistance: I 20 Resistance: S 20 Resistance: P 20 Point Defense Rating 80 Evasion (%) 62 Targeting Accuracy 12 Recoil Reduction 1 Offensive Hacking 10 Item Schematics ----------------- Hvy. Rocket Launcher | -3/Research | Scanalyzed Robot Schematics ------------------ None Fabricated ------------ Nothing Alien Tech Used ----------------- None Achievements -------------- Dangerous Findings I Spy Maybe Next Time I'll Detach My Launcher No Signal Challenges ------------ None Game ------ Seed WardroneStormMonowheel Manual? 0 Play Time 01:44:56 Cumulative 20.4 hours Start 2024.04.11 @ 16:16:54 End 2024.04.11 @ 18:15:45 Sessions 1 Manual Loads 0 Difficulty Adventurer Special Mode None Game No. 10 Rogue 3 Adventurer 7 Explorer 0 Win Type - Total 0 Types 0/0/0/0/0/0/0/0/0 Lore% 10 Gallery% 23 Achievement% 16 Wizard Run 0 Options --------- Layout 0 ASCII 0 Keyboard 0 Movement Numpad Keybinds 0 Fullscreen 1 Font 24/Smallcaps Map View 113x50 Zoom Use 76% Tactical HUD 1 Map Filters NONE Filters NONE Steam 1 RUN: 2aa8533a-1f2b-4c87-887d-b5a2a70a3038